TOP OF THE 1ST |
Toronto Titans batting - Pitching for Chicago Machine : RHP Harvey Bradridge
|
Pitching: RHP Harvey Bradridge
|
|
Batting: SHB Ramón Lugo
|
0-0: Foul Ball, location: 2F 0-1: Fly out, F7 (Flyball, 78M)
|
Batting: LHB Lewis Barr
|
0-0: Ball 1-0: Called Strike 1-1: Ball 2-1: Foul Ball, location: 2F 2-2: Ball 3-2: DOUBLE (Line Drive, 5L)
|
Batting: LHB Kent MacDulothe
|
0-0: Ball 1-0: Ball 2-0: Ball 3-0: Called Strike 3-1: DOUBLE (Flyball, 9D) Lewis Barr scores
|
Batting: LHB Roberto García
|
0-0: Called Strike 0-1: Swinging Strike 0-2: Ball 1-2: Foul Ball, location: 2F 1-2: Ball 2-2: Ball 3-2: Ground out 4-3 (Groundball, 4) Kent MacDulothe to third
|
Batting: LHB José Rodríguez
|
0-0: Ground out 5-3 (Groundball, 56S)
|
Top of the 1st over - 1 run(s), 2 hit(s), 0 error(s), 1 left on base; Toronto 1 - Chicago 0 |
BOTTOM OF THE 1ST |
Chicago Machine batting - Pitching for Toronto Titans : RHP Ralph Willaims
|
Pitching: RHP Ralph Willaims
|
|
Batting: RHB Roberto Cardona
|
0-0: Fly out, F8 (Flyball, 8RXD)
|
Batting: LHB Bob Smith
|
0-0: Called Strike 0-1: Ball 1-1: Called Strike 1-2: Foul Ball, location: 2F 1-2: Ground out 4-3 (Groundball, 4)
|
Batting: RHB Doug Stephens
|
0-0: Ball 1-0: Called Strike 1-1: SINGLE (Groundball, 4M)
|
Batting: SHB José Alomar
|
0-0: Ball 1-0: Called Strike 1-1: Fly out, F8 (Flyball, 8LXD)
|
Bottom of the 1st over - 0 run(s), 1 hit(s), 0 error(s), 1 left on base; Toronto 1 - Chicago 0 |
TOP OF THE 2ND |
Toronto Titans batting - Pitching for Chicago Machine : RHP Harvey Bradridge
|
Batting: SHB Juan Gómez
|
0-0: Ball 1-0: Swinging Strike 1-1: Ball 2-1: Swinging Strike 2-2: Foul Ball, location: 2F 2-2: Foul Ball, location: 2F 2-2: Strikes out swinging
|
Batting: RHB Alberto Velásquez
|
0-0: SINGLE (Line Drive, 56D)
|
Batting: RHB Jim Tracy
|
0-0: Ball 1-0: Swinging Strike 1-1: Called Strike 1-2: Fly out, F9 (Line Drive, 89M) 1-2: Fly out, F9 (Line Drive, 89M)
|
Batting: RHB Pedro Rosado
|
0-0: Ball 1-0: Foul Ball, location: 2F 1-1: Ball Pickoff Throw to First - Out!
|
Top of the 2nd over - 0 run(s), 1 hit(s), 0 error(s), 0 left on base; Toronto 1 - Chicago 0 |
BOTTOM OF THE 2ND |
Chicago Machine batting - Pitching for Toronto Titans : RHP Ralph Willaims
|
Batting: RHB Edward Young
|
0-0: Swinging Strike 0-1: Ground out 5-3 (Groundball, 5)
|
Batting: SHB Jesús Ramírez
|
0-0: Ball 1-0: Swinging Strike 1-1: Ball 2-1: Ground out 4-3 (Groundball, 4M)
|
Batting: LHB Eric Wheeler
|
0-0: Foul Ball, location: 2F 0-1: Called Strike 0-2: Ball 1-2: Ground out U3 (Groundball, 3)
|
Bottom of the 2nd over - 0 run(s), 0 hit(s), 0 error(s), 0 left on base; Toronto 1 - Chicago 0 |
TOP OF THE 3RD |
Toronto Titans batting - Pitching for Chicago Machine : RHP Harvey Bradridge
|
Batting: RHB Pedro Rosado
|
0-0: Called Strike 0-1: Called Strike 0-2: Ball 1-2: Ball 2-2: Foul Ball, location: 2F 2-2: Foul Ball, location: 2F 2-2: Strikes out swinging
|
Batting: SHB Ramón Lugo
|
0-0: Foul Ball, location: 2F 0-1: Swinging Strike 0-2: Ball 1-2: Foul Ball, location: 2F 1-2: Ball 2-2: Strikes out swinging
|
Batting: LHB Lewis Barr
|
0-0: Ball 1-0: Swinging Strike 1-1: Ball 2-1: Ball 3-1: Base on Balls
|
Batting: LHB Kent MacDulothe
|
0-0: Ball 1-0: Called Strike 1-1: Swinging Strike 1-2: Ball 2-2: Ball 3-2: Strikes out looking
|
Top of the 3rd over - 0 run(s), 0 hit(s), 0 error(s), 1 left on base; Toronto 1 - Chicago 0 |
BOTTOM OF THE 3RD |
Chicago Machine batting - Pitching for Toronto Titans : RHP Ralph Willaims
|
Batting: SHB Joaquín López
|
0-0: Called Strike 0-1: Swinging Strike 0-2: Ball 1-2: SINGLE (Groundball, 34D)
|
Batting: SHB Edward Bartlett
|
0-0: Ball 1-0: Foul Ball, location: 2F 1-1: Ball 2-1: Swinging Strike 2-2: Fly out, F8 (Flyball, 8RM)
|
Batting: RHB Roberto Cardona
|
0-0: Ball 1-0: Called Strike 1-1: Ball 2-1: Foul Ball, location: 2F 2-2: Ball 3-2: SINGLE (Groundball, 6MD) Joaquín López to second Runner from 2nd tries for 3rd, SAFE, no throw or cutoff
|
Batting: LHB Bob Smith
|
0-0: Called Strike 0-1: SINGLE (Flyball, 8RS) Joaquín López scores Roberto Cardona to second Runner from 2nd tries for 3rd, SAFE, no throw or cutoff
|
Batting: RHB Doug Stephens
|
0-0: Ball 1-0: Foul Ball, location: 2F 1-1: Ball 2-1: Called Strike 2-2: Ball 3-2: Fly out, F9 (Flyball, 9M) Runner from 3rd tags up, SCORES, no throw
|
Batting: SHB José Alomar
|
0-0: Called Strike 0-1: Ball 1-1: Ground out 4-3 (Groundball, 4)
|
Bottom of the 3rd over - 2 run(s), 3 hit(s), 0 error(s), 1 left on base; Toronto 1 - Chicago 2 |
TOP OF THE 4TH |
Toronto Titans batting - Pitching for Chicago Machine : RHP Harvey Bradridge
|
Batting: LHB Roberto García
|
0-0: Called Strike 0-1: Ball 1-1: Fly out, F3 (Popup, 3DF)
|
Batting: LHB José Rodríguez
|
0-0: Foul Ball, location: 2F 0-1: Ball 1-1: Foul Ball, location: 2F 1-2: Fly out, F6 (Line Drive, 6)
|
Batting: SHB Juan Gómez
|
0-0: Called Strike 0-1: Called Strike 0-2: Ball 1-2: Foul Ball, location: 2F 1-2: Ball 2-2: Fly out, F8 (Flyball, 8LM)
|
Top of the 4th over - 0 run(s), 0 hit(s), 0 error(s), 0 left on base; Toronto 1 - Chicago 2 |
BOTTOM OF THE 4TH |
Chicago Machine batting - Pitching for Toronto Titans : RHP Ralph Willaims
|
Batting: RHB Edward Young
|
0-0: Swinging Strike 0-1: Foul Ball, location: 2F 0-2: TRIPLE (Flyball, 89D)
|
Batting: SHB Jesús Ramírez
|
0-0: Ball 1-0: Ball 2-0: Ball 3-0: Called Strike 3-1: Foul Ball, location: 2F 3-2: Strikes out swinging
|
Batting: LHB Eric Wheeler
|
0-0: Ball 1-0: Foul Ball, location: 2F 1-1: Swinging Strike 1-2: Hit by Pitch
|
Batting: SHB Joaquín López
|
0-0: Ball 1-0: Foul Ball, location: 2F 1-1: Fly out, F8 (Flyball, 8LD) Runner from 3rd tags up, SCORES, no throw
|
Batting: SHB Edward Bartlett
|
0-0: Called Strike 0-1: Ball 1-1: Ball 2-1: Ground out U3 (Groundball, 3S)
|
Bottom of the 4th over - 1 run(s), 1 hit(s), 0 error(s), 1 left on base; Toronto 1 - Chicago 3 |
TOP OF THE 5TH |
Toronto Titans batting - Pitching for Chicago Machine : RHP Harvey Bradridge
|
Batting: RHB Alberto Velásquez
|
0-0: Called Strike 0-1: Ball 1-1: Ball 2-1: Called Strike 2-2: Ball 3-2: Foul Ball, location: 2F 3-2: Foul Ball, location: 2F 3-2: Base on Balls
|
Batting: RHB Jim Tracy
|
0-0: Ball 1-0: Foul Ball, location: 2F 1-1: SINGLE (Groundball, 34S) Alberto Velásquez to second Runner from 2nd tries for 3rd, SAFE, throw made to third
|
Pitching: RHP Jorge Hernández
|
|
Batting: RHB Pedro Rosado
|
0-0: Foul Ball, location: 2F 0-1: Swinging Strike 0-2: Foul Ball, location: 2F 0-2: Ball 1-2: Strikes out looking
|
Batting: SHB Ramón Lugo
|
0-0: SINGLE (Line Drive, 4M) Alberto Velásquez scores Jim Tracy to second
|
Batting: LHB Lewis Barr
|
0-0: Ball 1-0: Ball 2-0: Foul Ball, location: 2F 2-1: Foul Ball, location: 2F 2-2: Strikes out swinging
|
Batting: LHB Kent MacDulothe
|
0-0: Ball 1-0: 3-RUN HOME RUN (Flyball, 9D), Distance : 397 ft
|
Batting: LHB Roberto García
|
0-0: Ball 1-0: Foul Ball, location: 2F 1-1: Ball 2-1: Foul Ball, location: 2F 2-2: Ball 3-2: Foul Ball, location: 2F 3-2: Base on Balls
|
Batting: LHB José Rodríguez
|
0-0: Ball 1-0: Fly out, F5 (Popup, 5SF)
|
Top of the 5th over - 4 run(s), 3 hit(s), 0 error(s), 1 left on base; Toronto 5 - Chicago 3 |
BOTTOM OF THE 5TH |
Chicago Machine batting - Pitching for Toronto Titans : RHP Ralph Willaims
|
Batting: RHB Roberto Cardona
|
0-0: Foul Ball, location: 2F 0-1: Ball 1-1: DOUBLE (Line Drive, 4MD)
|
Batting: LHB Bob Smith
|
0-0: Ground out 3-1 (Groundball, 34) Roberto Cardona to third
|
Batting: RHB Doug Stephens
|
0-0: SINGLE (Groundball, 5L) Roberto Cardona scores
|
Batting: SHB José Alomar
|
0-0: Ball 1-0: Foul Ball, location: 2F 1-1: Foul Ball, location: 2F 1-2: Strikes out swinging
|
Batting: RHB Edward Young
|
0-0: Called Strike 0-1: Swinging Strike 0-2: Fly out, F8 (Flyball, 8LD)
|
Bottom of the 5th over - 1 run(s), 2 hit(s), 0 error(s), 1 left on base; Toronto 5 - Chicago 4 |
TOP OF THE 6TH |
Toronto Titans batting - Pitching for Chicago Machine : RHP Jorge Hernández
|
Batting: SHB Juan Gómez
|
0-0: Swinging Strike 0-1: Called Strike 0-2: Strikes out swinging
|
Batting: RHB Alberto Velásquez
|
0-0: Ball 1-0: Foul Ball, location: 2F 1-1: Swinging Strike 1-2: Strikes out swinging
|
Pitching: LHP John Lane
|
|
Batting: RHB Jim Tracy
|
0-0: Called Strike 0-1: Called Strike 0-2: Ball 1-2: Ground out 5-3 (Groundball, 5)
|
Top of the 6th over - 0 run(s), 0 hit(s), 0 error(s), 0 left on base; Toronto 5 - Chicago 4 |
BOTTOM OF THE 6TH |
Chicago Machine batting - Pitching for Toronto Titans : RHP Ralph Willaims
|
Batting: SHB Jesús Ramírez
|
0-0: Ground out 4-3 (Groundball, 4M)
|
Batting: LHB Eric Wheeler
|
0-0: Ball 1-0: Ball 2-0: Foul Ball, location: 2F 2-1: Called Strike 2-2: Foul Ball, location: 2F 2-2: Strikes out swinging
|
Batting: SHB Joaquín López
|
0-0: Ball 1-0: SINGLE (Line Drive, 3D)
|
Batting: SHB Edward Bartlett
|
0-0: Called Strike 0-1: Called Strike 0-2: Ball 1-2: Reached on error, E1 (Groundball, 13) Joaquín López to second
|
Batting: RHB Roberto Cardona
|
0-0: Ball 1-0: Called Strike 1-1: SINGLE (Flyball, 4D) Joaquín López to third Edward Bartlett to second Runner from 3rd tries for Home, SAFE, throw made home Edward Bartlett to third Roberto Cardona to second
|
Batting: LHB Bob Smith
|
0-0: Fly out, F7 (Flyball, 7M)
|
Bottom of the 6th over - 1 run(s), 2 hit(s), 1 error(s), 2 left on base; Toronto 5 - Chicago 5 |
TOP OF THE 7TH |
Toronto Titans batting - Pitching for Chicago Machine : LHP John Lane
|
Batting: RHB Pedro Rosado
|
0-0: Swinging Strike 0-1: Ball 1-1: Ball 2-1: Ball 3-1: Ground out 5-3 (Groundball, 56S)
|
Batting: SHB Ramón Lugo
|
0-0: Ball 1-0: Ball 2-0: Ball 3-0: Base on Balls
|
Batting: LHB Lewis Barr
|
0-0: Ball 1-0: Foul Ball, location: 2F Pickoff Throw to First - Out! 1-1: Ground out 3-1 (Groundball, 3)
|
Top of the 7th over - 0 run(s), 0 hit(s), 0 error(s), 0 left on base; Toronto 5 - Chicago 5 |
BOTTOM OF THE 7TH |
Chicago Machine batting - Pitching for Toronto Titans : RHP Ralph Willaims
|
Batting: RHB Doug Stephens
|
0-0: Called Strike 0-1: Ball 1-1: Fly out, F6 (Line Drive, 6M)
|
Batting: SHB José Alomar
|
0-0: Called Strike 0-1: Ball 1-1: Swinging Strike 1-2: Foul Ball, location: 2F 1-2: Foul Ball, location: 2F 1-2: Foul Ball, location: 2F 1-2: Ball 2-2: Foul Ball, location: 2F 2-2: Ball 3-2: Strikes out swinging
|
Batting: RHB Edward Young
|
0-0: Foul Ball, location: 2F 0-1: Ball 1-1: Foul Ball, location: 2F 1-2: SOLO HOME RUN (Line Drive, 7LD), Distance : 374 ft
|
Batting: SHB Jesús Ramírez
|
0-0: Ball 1-0: Ball 2-0: Ball 3-0: Base on Balls
|
Pitching: RHP Vinícius Itaquy
|
|
Batting: LHB Eric Wheeler
|
0-0: SINGLE (Groundball, 4M) Jesús Ramírez to second Runner from 2nd tries for 3rd, SAFE, throw made to third
|
Batting: SHB Joaquín López
|
0-0: Ball 1-0: Called Strike 1-1: Foul Ball, location: 2F 1-2: Foul Ball, location: 2F 1-2: Ball 2-2: DOUBLE (Line Drive, 5D) Jesús Ramírez scores Eric Wheeler to third Runner from 3rd tries for Home, throw and OUT!
|
Bottom of the 7th over - 2 run(s), 3 hit(s), 0 error(s), 1 left on base; Toronto 5 - Chicago 7 |
TOP OF THE 8TH |
Toronto Titans batting - Pitching for Chicago Machine : LHP John Lane
|
Batting: LHB Kent MacDulothe
|
0-0: Ball 1-0: Ball 2-0: Swinging Strike 2-1: Ground out 4-3 (Groundball, 4S)
|
Batting: LHB Roberto García
|
0-0: Called Strike 0-1: Ball 1-1: Fly out, F7 (Flyball, 7M)
|
Batting: LHB José Rodríguez
|
0-0: Called Strike 0-1: Foul Ball, location: 2F 0-2: Strikes out swinging
|
Top of the 8th over - 0 run(s), 0 hit(s), 0 error(s), 0 left on base; Toronto 5 - Chicago 7 |
BOTTOM OF THE 8TH |
Chicago Machine batting - Pitching for Toronto Titans : RHP Vinícius Itaquy
|
Batting: SHB Edward Bartlett
|
0-0: Ball 1-0: Ball 2-0: Ball 3-0: Base on Balls
|
Batting: RHB Roberto Cardona
|
0-0: Reached on error, E1 (Groundball, 15S) Edward Bartlett to second
|
Batting: LHB Bob Smith
|
0-0: Ball 1-0: Called Strike 1-1: Called Strike 1-2: Fly out, F9 (Flyball, 9LSF)
|
Batting: RHB Doug Stephens
|
0-0: Called Strike 0-1: SINGLE (Groundball, 56) Edward Bartlett to third Roberto Cardona to second Runner from 3rd tries for Home, SAFE, throw made home
|
Batting: SHB José Alomar
|
0-0: TRIPLE (Flyball, 8RXD) Roberto Cardona scores Doug Stephens scores
|
Pitching: RHP Howard Green
|
|
Pinch Runner at 3rd Juan Vareas:
|
|
Batting: RHB Edward Young
|
0-0: Ball 1-0: Foul Ball, location: 2F 1-1: Ball 2-1: Swinging Strike 2-2: Fly out, F8 (Flyball, 89M)
|
Batting: SHB Jesús Ramírez
|
0-0: Called Strike 0-1: Ball 1-1: Foul Ball, location: 2F 1-2: Ball 2-2: Foul Ball, location: 2F 2-2: Foul Ball, location: 2F 2-2: Ball 3-2: Foul Ball, location: 2F 3-2: SINGLE (Line Drive, 3D) Juan Vareas scores
|
Batting: LHB Eric Wheeler
|
0-0: Called Strike 0-1: Ball 1-1: Swinging Strike 1-2: Strikes out looking
|
Bottom of the 8th over - 4 run(s), 3 hit(s), 1 error(s), 1 left on base; Toronto 5 - Chicago 11 |
TOP OF THE 9TH |
Toronto Titans batting - Pitching for Chicago Machine : LHP John Lane
|
Now at C: Rick Ayliffe
|
|
Now in CF: Juan Vareas
|
|
Batting: SHB Juan Gómez
|
0-0: Foul Ball, location: 2F 0-1: Swinging Strike 0-2: Strikes out swinging
|
Batting: RHB Alberto Velásquez
|
0-0: Called Strike 0-1: Ball 1-1: Swinging Strike 1-2: Ground out 4-3 (Groundball, 4M)
|
Batting: RHB Jim Tracy
|
0-0: Ball 1-0: Foul Ball, location: 2F 1-1: Ground out 6-3 (Groundball, 6M)
|
Top of the 9th over - 0 run(s), 0 hit(s), 0 error(s), 0 left on base; Toronto 5 - Chicago 11 |
|